 Dungeon Crawl Stone Soup version 0.30-a0-583-g19bae12e61 (webtiles) character file.

Game seed: 5352458100496090368

51 Decipherer the Cudgeller (level 3, 0/34 HPs)
             Began as a Minotaur Berserker on Jan 1, 2023.
             Was a Follower of Trog.
             Slain by a goblin
             ... wielding a +0 club
             ... led by Robin
              (3 damage)
             ... on level 2 of the Dungeon.
             The game lasted 00:02:41 (921 turns).

Decipherer the Cudgeller (Minotaur Berserker)        Turns: 921, Time: 00:02:42

Health: 0/34       AC:  2    Str: 21 (23) XL:     3   Next: 57%
Magic:  2/2        EV: 12    Int:  1 (4)  God:    Trog [*.....]
Gold:   85         SH:  0    Dex:  8 (9)  Spells: 2/2 levels left

rFire   . . .      SeeInvis .    o - +0 flail (protect)
rCold   . . .      Faith    .    (no shield)
rNeg    . . .      Spirit   .    b - +0 animal skin
rPois   .          Reflect  .    (helmet restricted)
rElec   .          Harm     .    (no cloak)
rCorr   .          Rampage  .    (no gloves)
Will    .....                    (no boots)
Stlth   +                        (no amulet)
HPRegen 0.25/turn                (no ring)
MPRegen 0.08/turn                (no ring)

@: brilliant, about to teleport, flying
A: horns 2, retaliatory headbutt
a: Renounce Religion, Berserk


You were on level 2 of the Dungeon.
You worshipped Trog.
Trog was aware of your devotion.
You visited 1 branch of the dungeon, and saw 2 of its levels.

You collected 85 gold pieces.

Inventory:

Hand Weapons
 a - a +0 mace
 o - a +0 flail of protection (weapon)
Missiles
 c - 4 javelins
Armour
 b - a +0 animal skin (worn)
 e - a +0 pair of boots
Jewellery
 i - a ring of see invisible
Scrolls
 f - 4 scrolls of identify {unknown}
 k - a scroll of summoning {unknown}
 m - a scroll of immolation {unknown}
Potions
 h - a potion of flight


   Skills:
 + Level 4.3 Fighting
 + Level 4.4 Maces & Flails
 + Level 2.6 Armour
 + Level 2.8 Dodging


You had 2 spell levels left.
You didn't know any spells.
Your spell library was empty.

Dungeon Overview and Level Annotations

Branches:
Dungeon (2/15)

Altars:

Annotations:
D:2 Robin


Innate Abilities, Weirdness & Mutations

You have a pair of horns on your head.
You reflexively headbutt those who attack you in melee.


Message History

Unknown command.
There are monsters nearby!
You are too injured to fight recklessly!
Unknown command.
There are monsters nearby!
You are too injured to fight recklessly!
Unknown command.
There are monsters nearby!
You are too injured to fight recklessly!
Unknown command.
There are monsters nearby!
You are too injured to fight recklessly!
Unknown command.
You are too injured to fight recklessly!
It was a potion of cancellation.
You feel magically purged.
It was a potion of flight.
You feel very buoyant.
You fly up into the air.
Robin hits you but does no damage.
It was a potion of brilliance.
You feel clever all of a sudden. The hobgoblin misses you.
You furiously retaliate!
You headbutt the hobgoblin.
Robin hits you with a +2 trident of protection.
It was a potion of degeneration.
There was something very wrong with that liquid.
You feel weakened.
You feel dopey.
You feel clumsy. The hobgoblin barely misses you.
Robin hits you with a +2 trident of protection.
* * * LOW HITPOINT WARNING * * *
As you read the scroll labelled COMACWESINUA, it crumbles to dust.
You feel strangely unstable.
It was a scroll of teleportation.
The hobgoblin closely misses you. You furiously retaliate!
You headbutt the hobgoblin.
You kill the hobgoblin!
Trog accepts your kill.
Robin hits you with a +2 trident of protection.
* * * LOW HITPOINT WARNING * * *
As you read the scroll labelled VIURCH ROOL, it crumbles to dust.
The scroll dissolves into smoke.
It was a scroll of fog.
The goblin hits you with a +0 club.
You die...

#.. ..# ## #.# ..# #.
#.# ... (. #.# #.# ..
#.# #...#.#####.####
#######§#§#..........#
#....§gg§#.<.####.##.#
#@#.#..# ##.##.#
#§#.#..###.#.#.#
#§#.#..##.###.<#
#.#.#..#.## ##.##
#.#.#...## ##†##
$.####.#.#....# ##)...
......$.......#.###.####
...######.#......#)##
#.# #.#######..#####


You could see Robin and a goblin (strong).

Vanquished Creatures
  3 gnolls (D:2)
  A ball python (D:1)
  2 endoplasms
  3 giant cockroaches
  7 goblins (D:2)
  2 hobgoblins
  A rat (D:1)
19 creatures vanquished.

Notes
Turn   | Place    | Note
-------+----------+-------------------------------------------
     0 | D:1      | Decipherer the Minotaur Berserker began the quest for the
                  | Orb.
     0 | D:1      | Reached XP level 1. HP: 19/19 MP: 0/0
   776 | D:2      | Reached XP level 2. HP: 27/27 MP: 1/1
   834 | D:2      | Reached XP level 3. HP: 33/33 MP: 2/2
   909 | D:2      | Noticed Robin
   921 | D:2      | Slain by a goblin

Illustrated notes

Levels and vault maps discovered:
D:1:      shiori_arrival_elements, layout_basic, minmay_misc_feat_diagonals,
          minmay_tromino_v2
D:2:      layout_loops_ring, reono_crystal_passage, uniq_terence, uniq_robin

Skill      XL: |  1  2 |
---------------+-------+-----
Maces & Flails | 4 |  4.4
Fighting       | 4 |  4.3
Armour         | |  2.6
Dodging        | |  2.8

Action                   || total
-------------------------++-------
Melee: Mace              ||    29
       Headbutt          ||     5
       Flail             ||     9
Invok: Berserk           ||     2
  Use: Potion            ||     4
       Scroll            ||     2
Armor: Animal skin       ||    11
Dodge: Dodged            ||    32

Table legend: (Time is in decaauts)
 A = Elapsed time spent in this place.
 B = Non-inter-level travel time spent in this place.
 C = Inter-level travel time spent in this place.
 D = Time resting spent in this place.
 E = Time spent auto-exploring this place.
 F = Levels seen in this place.
 G = Mean time per level.
                   A        B        C        D        E       F      G
               +--------+--------+--------+--------+--------+-----+--------+
         Total |    952 |    929 |     23 |      0 |    774 |   2 |  476.0 |
       Dungeon |    952 |    929 |     23 |      0 |    774 |   2 |  476.0 |
               +--------+--------+--------+--------+--------+-----+--------+

Top non-repeatable levels by time:
     D:1: 737 daAuts
     D:2: 214 daAuts
